 Dungeon Crawl Stone Soup version 0.23.0-3-gf3c87f2 (webtiles) character file.

Game seed: 18305236311331621307

974 Terandir the Chopper (level 7, -5/60 (61) HPs)
             Began as a Minotaur Fighter on Feb 22, 2019.
             Slain by a two-headed ogre
             ... wielding a cursed -3 giant club
              (19 damage)
             ... on level 9 of the Dungeon.
             The game lasted 00:08:48 (4824 turns).

Terandir the Chopper (Minotaur Fighter)             Turns: 4824, Time: 00:08:49

HP:   -5/60 (61)    AC: 10    Str: 21    XL:     7   Next: 95%
MP:   6/6           EV:  7    Int:  5    God:
Gold: 326           SH: 11    Dex: 11    Spells: 6/6 levels left

rFire    . . .     SeeInvis .   a - +0 war axe
rCold    . . .     Gourm    .   c - +1 shield
rNeg     . . .     Faith    .   q - +0 chain mail
rPois    .         Spirit   .   (helmet restricted)
rElec    .         Reflect  .   e - scarf {repulsion}
rCorr    .         Harm     .   (no gloves)
MR       .....                  (no boots)
Stlth    ..........             (no amulet)
HPRegen  0.20/turn              j - ring of stealth
MPRegen  0.10/turn              w - ring of wizardry

@: repel missiles
A: retaliatory headbutt, horns 2
a: no special abilities


You were on level 9 of the Dungeon.
You were not hungry.

You visited 1 branch of the dungeon, and saw 7 of its levels.

You collected 326 gold pieces.

Inventory:

Hand Weapons
 a - a +0 war axe (weapon)
Armour
 c - a +1 shield (worn)
 e - a scarf of repulsion (worn)
 q - a +0 chain mail (worn)
Jewellery
 j - a ring of stealth (left hand)
 w - a ring of wizardry (right hand)
Wands
 l - a wand of digging (6)
 p - a wand of paralysis (6)
Scrolls
 d - 2 scrolls of teleportation
 h - a scroll of random uselessness {unknown}
 i - a scroll of noise {unknown}
 m - a scroll of enchant armour
 n - a scroll of remove curse
 t - a scroll of enchant weapon {unknown}
Potions
 b - a potion of heal wounds
 g - 2 potions of magic
 k - 4 potions of curing
 o - a potion of lignification {unknown}
 r - 2 potions of haste {unknown}
 s - a potion of flight {unknown}
 v - 2 potions of might
Comestibles
 f - 10 rations


   Skills:
 * Level 5.5 Fighting
 * Level 7.1 Axes
 * Level 6.1 Armour
 * Level 3.0 Dodging
 * Level 5.7 Shields


You had 6 spell levels left.
You didn't know any spells.
Your spell library was empty.

Dungeon Overview and Level Annotations

Branches:
Dungeon (6/15)
 Temple: D:4-7

Altars:
Dithmenos
Kikubaaqudgha
Makhleb
Okawaru
Trog


Innate Abilities, Weirdness & Mutations

You reflexively headbutt those who attack you in melee.
You have a pair of horns on your head.


Message History

You closely miss the two-headed ogre. You headbutt the two-headed ogre.
The two-headed ogre is moderately wounded.
The two-headed ogre hits you with a cursed -3 giant club!
You block the two-headed ogre's attack.
Unknown command.
You hit the two-headed ogre. You headbutt the two-headed ogre.
The two-headed ogre is heavily wounded.
The two-headed ogre hits you with a cursed -3 giant club!!
* * * LOW HITPOINT WARNING * * *
The two-headed ogre barely misses you.
Unknown command.
You are too injured to fight recklessly!
Unknown command.
You are too injured to fight recklessly!
You completely miss the two-headed ogre.
Your headbutt misses the two-headed ogre.
The two-headed ogre is heavily wounded.
A shadow imp comes into view.
The two-headed ogre hits you with a cursed -3 giant club!!
You die...

.... #5. # #.. #.
#.# #..#####H#
#........##
#......O..#
......)@..#
......###.# #####
#.# #.#### #....#
+....###########
##+#...............
#..................
#..................


You could see a two-headed ogre, a hippogriff and a shadow imp.

Vanquished Creatures
  A sky beast (D:9)
  A necrophage (D:9)
  An ogre (D:4)
  A bullfrog (D:9)
  A scorpion (D:3)
  2 crimson imps
  Crazy Yiuf (D:5)
  A hound (D:4)
  4 orc wizards
  A bullfrog skeleton (D:4)
  A worker ant (D:4)
  7 gnolls
  13 adders
  A shadow imp (D:3)
  An ooze (D:3)
  4 worms
  4 dart slugs
  3 leopard geckos
  14 orcs
  7 goblins
  9 hobgoblins
  7 jackals
  2 quokkas (D:2)
  A ball python (D:2)
  7 bats
  8 frilled lizards
  9 kobolds
  A leopard gecko skeleton (D:4)
  11 rats
  A plant (D:2)
125 creatures vanquished.

Vanquished Creatures (others)
  A plant (D:2)
1 creature vanquished.

Grand Total: 126 creatures vanquished

Notes
Turn   | Place    | Note
-------+----------+-------------------------------------------
     0 | D:1      | Terandir the Minotaur Fighter began the quest for the Orb.
     0 | D:1      | Reached XP level 1. HP: 19/19 MP: 0/0
   225 | D:1      | Reached XP level 2. HP: 27/27 MP: 1/1
   817 | D:2      | Reached XP level 3. HP: 26/33 MP: 2/2
   820 | D:2      | Reached skill level 3 in Axes
  1287 | D:2      | Reached XP level 4. HP: 40/40 MP: 3/3
  1311 | D:2      | Reached skill level 1 in Dodging
  1720 | D:2      | Reached XP level 5. HP: 43/47 MP: 4/4
  1791 | D:2      | Reached skill level 4 in Axes
  2411 | D:3      | Reached skill level 5 in Armour
  2617 | D:3      | Reached XP level 6. HP: 36/53 MP: 5/5
  2768 | D:3      | Found an ancient bone altar of Kikubaaqudgha.
  2769 | D:3      | Found a bloodstained altar of Trog.
  2821 | D:3      | Found a shadowy altar of Dithmenos.
  2911 | D:3      | Reached skill level 5 in Axes
  3185 | D:4      | Found an iron altar of Okawaru.
  3294 | D:4      | Reached skill level 5 in Shields
  3527 | D:4      | Reached skill level 5 in Fighting
  3527 | D:4      | Reached XP level 7. HP: 61/61 MP: 6/6
  3942 | D:5      | Entered Level 5 of the Dungeon
  4063 | D:5      | Found a burning altar of Makhleb.
  4063 | D:5      | Noticed a blizzard demon
  4067 | D:5      | Noticed a ynoxinul
  4067 | D:5      | Noticed a ynoxinul
  4447 | D:5      | Found a runed translucent door.
  4448 | D:5      | Noticed Crazy Yiuf
  4455 | D:5      | Killed Crazy Yiuf
  4455 | D:5      | Reached skill level 6 in Axes
  4682 | D:6      | You fall through a shaft for 3 floors!
  4794 | D:9      | Reached skill level 7 in Axes
  4812 | D:9      | Noticed a two-headed ogre
  4820 | D:9      | Noticed a hippogriff
  4824 | D:9      | Slain by a two-headed ogre

Skill      XL: |  1  2  3  4  5  6  7 |
---------------+----------------------+-----
Armour         | 4 5 6 |  6.1
Shields        | 4 5 |  5.7
Fighting       | 4 5 |  5.5
Axes           | 3 4 5 7 |  7.1
Dodging        | 1 2 3 |  3.0

Action                   |  1- 3 |  4- 6 |  7- 9 || total
-------------------------+-------+-------+-------++-------
Melee: War axe           |    71 |   148 |    99 ||   318
       Headbutt          |     8 |    25 |    23 ||    56
  Use: Potion            |     1 |       |       ||     1
       Scroll            |       |     2 |     5 ||     7
  Eat: Chunk             |       |     7 |     6 ||    13
Armor: Scale mail        |    31 |    34 |       ||    65
       Chain mail        |       |     5 |    32 ||    37
Dodge: Dodged            |    27 |    53 |    22 ||   102
       Deflected         |     2 |     6 |       ||     8
Block: Shield            |    42 |    82 |    61 ||   185
